 Dungeon Crawl Stone Soup version 0.27.1-34-g3ba077fa99 (webtiles) character file.

Game seed: 206685590255712535

373 MacCMillion the Chopper (level 6, -17/56 HPs)
             Began as a Hill Orc Fighter on Nov 21, 2021.
             Was an Initiate of Makhleb.
             Demolished by an ogre (21 damage)
             ... on level 3 of the Dungeon on Jan 2, 2022.
             The game lasted 00:13:26 (4576 turns).

MacCMillion the Chopper (Hill Orc Fighter)          Turns: 4576, Time: 00:13:26

Health: -17/56     AC: 13    Str: 21    XL:     6   Next: 71%
Magic:  6/6        EV:  5    Int:  8    God:    Makhleb [......]
Gold:   76         SH: 10    Dex: 10    Spells: 5/5 levels left

rFire    . . .     SeeInvis .   a - +0 war axe
rCold    . . .     Faith    .   c - +0 kite shield
rNeg     . . .     Spirit   .   p - +0 chain mail
rPois    .         Reflect  .   (no helmet)
rElec    .         Harm     .   i - +2 cloak
rCorr    .         Rampage  .   (no gloves)
Will     .....                  (no boots)
Stlth    ..........             l - amulet of magic regeneration
HPRegen  0.18/turn              (no ring)
MPRegen  0.35/turn              (no ring)

@: no status effects
A: no striking features
a: Renounce Religion


You were on level 3 of the Dungeon.
You worshipped Makhleb.
Makhleb was noncommittal.
You visited 2 branches of the dungeon, and saw 5 of its levels.

You collected 76 gold pieces.

Inventory:

Hand Weapons
 a - a +0 war axe (weapon)
Armour
 c - a +0 kite shield (worn)
 i - a +2 cloak (worn)
 p - a +0 chain mail (worn)
Magical Staves
 k - a staff of earth
Jewellery
 l - an amulet of magic regeneration (around neck)
Wands
 f - a wand of flame (15)
Scrolls
 b - a scroll of holy word {unknown}
 g - a scroll of torment {unknown}
 h - a scroll of magic mapping {unknown}
 m - a scroll of vulnerability {unknown}
 q - 2 scrolls of fog {unknown}
 s - a scroll of identify
Potions
 d - 3 potions of might
 e - a potion of heal wounds
 j - a potion of cancellation
 n - a potion of mutation
 o - a potion of flight {unknown}
 r - a potion of curing {unknown}


   Skills:
 - Level 5.0 Fighting
 + Level 5.1 Axes
 + Level 4.9 Armour
 + Level 4.9 Shields
 + Level 1.2 Invocations


You had 5 spell levels left.
You didn't know any spells.
Your spell library contained the following spells:

 Spells                   Type           Power      Damage    Failure   Level
 Freeze                   Ice            0%         1d3       100%        1
 Dazzling Flash           Conj/Hex       0%         N/A       100%        3
 Frozen Ramparts          Ice            0%         1d2       100%        3
 Hailstorm                Conj/Ice       0%         3d3       100%        4
 Iskenderun's Mystic Bla  Conj/Tloc      0%         2d3       100%        4
 Starburst                Conj/Fire      0%         6d3       100%        6


Dungeon Overview and Level Annotations

Branches:
Dungeon (4/15)             Temple (1/1) D:4

Altars:
Dithmenos
Elyvilon
Fedhas
Gozag
Hepliaklqana
Kikubaaqudgha
Makhleb
Okawaru
Qazlal
Ru
Sif Muna
Vehumet
Wu Jian
Zin
The Shining One

Annotations:
D:3 Sigmund
D:4 Blork the orc


Message History

Found a scroll labelled KIORYA YF IFF.
Blork the orc shouts!
Blork the orc moves out of view.
You see here a scroll labelled GUODUK DUIX.
Blork the orc is nearby!
q - 2 scrolls labelled GUODUK DUIX (gained 1) Blork the orc is nearby!
Blork the orc looks satisfied for a moment.
Blork the orc casts a spell at you. The puff of flame misses you.
Blork the orc gestures at you while chanting.
The magic dart hits you.
There is a stone staircase leading up here.
You climb upwards.
Level annotation: Sigmund
There is a stone staircase leading down here.
There is an open door here.
You see here a +0 long sword.
HP restored.
You see here a +0 barding.
You see here a +0 scale mail.
There is a stone staircase leading down here.
You climb downwards.
Level annotation: Blork the orc The ogre shouts!
The ogre hits you with a +0 giant spiked club!
There is a stone staircase leading up here.
You hit the ogre.
The ogre is lightly wounded.
The ogre hits you with a +0 giant spiked club!
The ogre hits you with a +0 giant spiked club!!
Ouch! That really hurt!
* * * LOW HITPOINT WARNING * * *
You climb upwards.
Level annotation: Sigmund
There is a stone staircase leading down here.
You slash the ogre!
The ogre is heavily wounded.
The ogre hits you with a +0 giant spiked club!!
You die...

......# ......#
......# ......#
#######
##################
..............[O@#
###.#######.######
# #.# #.# # #.#
#.# ###.# #.#
.##.# #.# .##.#
#.# .##.#######.#
.##.##......#


You could see an ogre.

Vanquished Creatures
  2 scorpions (D:4)
  A bullfrog skeleton (D:4)
  Natasha (twice) (D:3)
  Terence (D:2)
  An orc wizard (D:2)
  4 adders
  2 worms (D:2)
  2 dart slugs
  4 orcs
  2 bats
  6 endoplasms
  2 giant cockroaches (D:2)
  7 goblins
  10 hobgoblins
  5 jackals (D:1)
  4 quokkas
  8 ball pythons
  10 frilled lizards
  3 kobolds
  3 rats
79 creatures vanquished.

Notes
Turn   | Place    | Note
-------+----------+-------------------------------------------
     0 | D:1      | MacCMillion the Hill Orc Fighter began the quest for the
                  | Orb.
     0 | D:1      | Reached XP level 1. HP: 19/19 MP: 1/1
   438 | D:1      | Reached XP level 2. HP: 27/27 MP: 2/2
   821 | D:1      | Reached XP level 3. HP: 31/33 MP: 3/3
  1504 | D:2      | Reached XP level 4. HP: 40/40 MP: 4/4
  1570 | D:2      | Noticed Terence
  1588 | D:2      | Killed Terence
  1987 | D:3      | Found a faded altar of an unknown god.
  2226 | D:2      | Reached XP level 5. HP: 43/47 MP: 5/5
  2553 | D:3      | Noticed Natasha
  2560 | D:3      | Killed Natasha
  3188 | D:3      | Noticed Sigmund
  3376 | D:3      | Noticed Natasha
  3385 | D:3      | Killed Natasha
  3448 | D:4      | Reached skill level 5 in Fighting
  3530 | D:4      | Reached XP level 6. HP: 56/56 MP: 6/6
  3537 | D:4      | Found a staircase to the Ecumenical Temple.
  3556 | Temple   | Entered the Ecumenical Temple
  3820 | Temple   | Became a worshipper of Makhleb the Destroyer
  3921 | Temple   | Upgraded the game from 0.27.1-16-g815e20cd7a to
                  | 0.27.1-33-g824d729ab1
  3921 | Temple   | Upgraded the game from 0.27.1-33-g824d729ab1 to
                  | 0.27.1-34-g3ba077fa99
  4331 | D:4      | Reached skill level 5 in Axes
  4331 | D:4      | Reached skill level 1 in Invocations
  4492 | D:4      | Noticed Blork the orc
  4576 | D:3      | Demolished by an ogre

Illustrated notes

Levels and vault maps discovered:
D:1:      psy_arrival_conway, layout_basic
D:2:      minmay_alternating_diamond, layout_loops_ring,
          kennysheep_generic_room_15, uniq_terence
D:3:      layout_basic, ebering_ecumenical_altar_webs, uniq_sigmund,
          uniq_natasha
D:4:      layout_basic, minmay_temple_entry_antechambers, uniq_edmund,
          uniq_crazy_yiuf_cottage, uniq_blork_the_orc, uniq_pikel
Temple:   regret_index_temple_generic_petals

Skill      XL: |  1  2  3  4  5  6 |
---------------+-------------------+-----
Axes           | 3 4 5 |  5.1
Fighting       | 4 5 |  5.0
Armour         | 4 |  4.9
Shields        | 4 |  4.9
Invocations    | 1 |  1.2

Action                   |  1- 3 |  4- 6 || total
-------------------------+-------+-------++-------
Melee: War axe           |   127 |   162 ||   289
Evoke: Wand              |       |     5 ||     5
  Use: Scroll            |       |     3 ||     3
Armor: Scale mail        |    60 |     7 ||    67
       Chain mail        |       |    73 ||    73
Dodge: Dodged            |    33 |    44 ||    77
Block: Kite shield       |    63 |    85 ||   148
